 Dungeon Crawl Stone Soup version 0.28-b1-1-g3c77fb2ed1 (webtiles) character file.

Game seed: 8354826117721855118

217 KamiKatze the Chopper (level 5, -3/70 HPs)
             Began as a Minotaur Berserker on Jan 26, 2022.
             Was a Priest of Trog.
             Asphyxiated
             ... in a sewer.
             The game lasted 00:10:31 (1938 turns).

KamiKatze the Chopper (Minotaur Berserker)          Turns: 1938, Time: 00:10:31

Health: -3/70      AC:  7    Str: 24    XL:     5   Next: 62%
Magic:  4/4        EV: 11    Int:  4    God:    Trog [***...]
Gold:   127        SH:  0    Dex:  9    Spells: 4/4 levels left

rFire   . . .      SeeInvis .   a - +1 hand axe
rCold   + . .      Faith    .   (no shield)
rNeg    . . .      Spirit   .   n - +0 ring mail
rPois   .          Reflect  .   (helmet restricted)
rElec   .          Harm     .   (no cloak)
rCorr   .          Rampage  .   (no gloves)
Will    .....                   l - +0 pair of boots
Stlth   ..........              j - amulet of magic regeneration
HPRegen 0.21/turn               c - ring of protection from cold
MPRegen 0.49/turn               (no ring)

@: berserking, lethally poisoned (-3 -> -23), slowed
A: horns 2, retaliatory headbutt
a: Renounce Religion, Berserk, Trog's Hand


You were in a sewer.
You worshipped Trog.
Trog was most pleased with you.
You visited 1 branch of the dungeon, and saw 3 of its levels.
You also visited: Sewer.

You collected 127 gold pieces.

Inventory:

Hand Weapons
 a - a +1 hand axe (weapon)
Missiles
 d - 65 stones (quivered)
 e - a curare-tipped dart
Armour
 l - a +0 pair of boots (worn)
 n - a +0 ring mail (worn)
Jewellery
 c - a ring of protection from cold (left hand)
 j - an amulet of magic regeneration (around neck)
 k - a ring of resist corrosion
Scrolls
 g - a scroll of enchant armour {unknown}
Potions
 b - 2 potions of mutation {unknown}
 f - a potion of haste {unknown}


   Skills:
 + Level 4.7 Fighting
 * Level 5.6 Axes
 + Level 3.7 Armour
 + Level 3.4 Dodging


You had 4 spell levels left.
You didn't know any spells.
Your spell library was empty.

Dungeon Overview and Level Annotations

Branches:
Dungeon (3/15)              Sewer (1/1)

Altars:
Gozag


Innate Abilities, Weirdness & Mutations

You have a pair of horns on your head.
You reflexively headbutt those who attack you in melee.


Message History

A kobold brigand comes into view.
It is wielding a +0 short sword and quivering curare-tipped darts.
The kobold brigand shouts!
You enter the shallow water.
Moving in this stuff is going to be slow.
You enter the shallow water.
Moving in this stuff is going to be slow.
You enter the shallow water.
Moving in this stuff is going to be slow.
Items here: ) †††.
You enter the shallow water.
Moving in this stuff is going to be slow.
You enter the shallow water.
Moving in this stuff is going to be slow.
You enter the shallow water.
Moving in this stuff is going to be slow.
The kobold brigand throws a curare-tipped dart.
The curare-tipped dart hits you.
You are poisoned.
You have difficulty breathing.
* * * LOW HITPOINT WARNING * * *
You feel yourself slow down.
Unknown command.
You feel better.
The kobold brigand throws a curare-tipped dart.
The curare-tipped dart misses you.
The kobold brigand throws a curare-tipped dart.
The curare-tipped dart hits you.
You are poisoned.
You have difficulty breathing.
* * * LOW HITPOINT WARNING * * *
You feel as though you will be slow longer.
A red film seems to cover your vision as you go berserk!
You feel yourself moving faster!
You feel mighty!
* * * LOW HITPOINT WARNING * * *
You feel very sick.
The kobold brigand throws a curare-tipped dart.
The curare-tipped dart hits you.
You are more poisoned.
You have difficulty breathing.
You die...

.P≈≈....≈≈≈....#
≈#....≈≈≈≈≈≈†≈≈######
≈#†..≈≈≈≈≈.≈..≈≈≈≈≈≈≈
≈#.#########))≈########
####### ≈#.≈≈≈≈≈≈≈≈≈.).≈#
#≈###..≈≈≈#
K#≈####.####.K≈.##
#≈##...≈≈≈# ≈#.#
##.#≈#≈≈≈≈≈≈# #≈##.######
### #.##≈#≈...≈≈#
#≈#..≈≈≈≈≈#
###≈#≈######@####≈#..######
#.≈.#≈#≈≈≈≈≈≈≈.##≈#....≈≈≈#
##≈.#≈######≈.≈.#≈#.∩.≈≈≈≈#
#≈.#≈#≈≈≈≈≈.≈.≈#≈#.∩.≈≈≈##
####≈#P.≈.÷)≈≈÷#≈#...≈≈≈≈#
##≈#..≈.≈..≈÷..P..≈≈≈≈##
##≈....P.≈#.≈......≈≈###
#.#..#P..####.P...####
########## #######


You could see a kobold brigand.

Vanquished Creatures
  A kobold brigand (Sewer)
  4 adders
  2 river rats
  A worm (D:2)
  4 dart slugs
  2 bats (D:2)
  7 endoplasms
  7 goblins
  7 hobgoblins
  8 jackals
  3 quokkas (D:1)
  11 ball pythons
  13 frilled lizards
  9 kobolds
  8 rats
87 creatures vanquished.

Vanquished Creatures (others)
  22 plants
22 creatures vanquished.

Grand Total: 109 creatures vanquished

Notes
Turn   | Place    | Note
-------+----------+-------------------------------------------
     0 | D:1      | KamiKatze the Minotaur Berserker began the quest for the
                  | Orb.
     0 | D:1      | Reached XP level 1. HP: 19/19 MP: 0/0
   187 | D:1      | Reached XP level 2. HP: 21/27 MP: 1/1
   190 | D:1      | Reached skill level 4 in Axes
   362 | D:1      | Reached ** piety under Trog
   385 | D:1      | Reached XP level 3. HP: 18/32 MP: 2/2
   886 | D:2      | Found an opulent altar of Gozag.
  1002 | D:2      | Reached XP level 4. HP: 34/40 MP: 3/3
  1104 | D:2      | Reached *** piety under Trog
  1546 | D:3      | Reached skill level 5 in Axes
  1582 | D:3      | Found a glowing drain.
  1595 | Sewer    | Entered a sewer
  1689 | Sewer    | Noticed a kobold brigand
  1705 | Sewer    | Killed a kobold brigand
  1706 | Sewer    | Reached XP level 5. HP: 20/47 MP: 4/4
  1938 | Sewer    | Asphyxiated

Illustrated notes

Levels and vault maps discovered:
D:1:      psy_arrival_conway, layout_basic, minmay_ruptured
D:2:      layout_loops_ring, basic_altar, minmay_lizard_pond
D:3:      layout_basic, mainiacjoe_overflow_large_starburst,
          nicolae_ecumenical_snake_handling, portal_sewer_entry_b,
          chequers_serial_rivers_large_a, minmay_misc_feat_four_crosses
Sewer:    sewer_co_scattered_pipes

Skill      XL: |  1  2  3  4 |
---------------+-------------+-----
Axes           | 4 5 |  5.6
Fighting       | 4 |  4.7
Armour         | 3 |  3.7
Dodging        | 3 |  3.4

Action                   |  1- 3 |  4- 6 || total
-------------------------+-------+-------++-------
Melee: Hand axe          |   107 |    81 ||   188
       Headbutt          |    10 |    11 ||    21
       Punch             |     1 |     2 ||     3
Invok: Berserk           |       |     3 ||     3
  Use: Scroll            |       |     5 ||     5
       Potion            |       |     1 ||     1
 Stab: Distracted        |       |     1 ||     1
Armor: Animal skin       |    10 |     3 ||    13
       Ring mail         |       |    20 ||    20
Dodge: Dodged            |    71 |    47 ||   118
